 Dungeon Crawl Stone Soup version 0.27.0-1-g7a08968 (webtiles) character file.

Game seed: 16328458379530731975

22 NeededCrab the Magician (level 2, 0/20 HPs)
             Began as a Gnoll Hedge Wizard on Oct 12, 2021.
             Slain by a goblin (4 damage)
             ... led by Robin
             ... on level 1 of the Dungeon on Oct 13, 2021.
             The game lasted 00:04:16 (1327 turns).

NeededCrab the Magician (Gnoll Hedge Wizard)        Turns: 1327, Time: 00:04:17

Health: 0/20       AC:  3    Str:  9    XL:     2   Next: 91%
Magic:  2/10       EV: 13    Int: 13    God:
Gold:   58         SH:  0    Dex: 11    Spells: 10/15 levels left

rFire    . . .     SeeInvis .   a - +0 dagger
rCold    . . .     Faith    .   (no shield)
rNeg     . . .     Spirit   .   b - +0 robe
rPois    .         Reflect  .   c - +0 hat
rElec    .         Harm     .   (no cloak)
rCorr    .         Rampage  .   e - +0 pair of gloves
Will     .....                  (no boots)
Stlth    ++........             (no amulet)
HPRegen  0.06/turn              (no ring)
MPRegen  0.12/turn              (no ring)

@: very slightly contaminated
A: fangs 1, strong nose, distributed training
a: no special abilities


You were on level 1 of the Dungeon.
You visited 1 branch of the dungeon, and saw 2 of its levels.

You collected 58 gold pieces.

Inventory:

Hand Weapons
 a - a +0 dagger (weapon)
Armour
 b - a +0 robe (worn)
 c - a +0 hat (worn)
 e - a +0 pair of gloves (worn)
Scrolls
 d - a scroll of fog
 f - a scroll of identify {unknown}


   Skills:
 + Level 0.5 Fighting
 + Level 0.5 Short Blades
 + Level 0.5 Long Blades
 + Level 0.5 Axes
 + Level 0.5 Maces & Flails
 + Level 0.5 Polearms
 + Level 0.5 Staves
 + Level 0.5 Slings
 + Level 0.5 Bows
 + Level 0.5 Crossbows
 + Level 0.5 Throwing
 + Level 0.5 Armour
 + Level 4.5 Dodging
 + Level 4.1 Stealth
 + Level 0.5 Shields
 + Level 0.5 Unarmed Combat
 + Level 7.1 Spellcasting
 + Level 2.0 Conjurations
 + Level 0.4 Hexes
 + Level 2.0 Summonings
 + Level 0.4 Necromancy
 + Level 2.0 Translocations
 + Level 0.4 Transmutations
 + Level 0.4 Fire Magic
 + Level 0.4 Ice Magic
 + Level 0.4 Air Magic
 + Level 0.4 Earth Magic
 + Level 0.4 Poison Magic
 + Level 0.7 Invocations
 + Level 0.5 Evocations


You had 10 spell levels left.
You knew the following spells:

 Your Spells              Type           Power      Damage    Failure   Level
a - Magic Dart            Conj           40%        1d5       6%          1
b - Call Imp              Summ           10%        N/A       10%         2
B - Blink                 Tloc           N/A        N/A       10%         2

Your spell library contained the following spells:

 Spells                   Type           Power      Damage    Failure   Level
 Slow                     Hex            5%         N/A       19%         2
 Conjure Flame            Conj/Fire      7%         6-21      26%         3
 Mephitic Cloud           Conj/Pois/Air  7%         N/A       30%         3


Dungeon Overview and Level Annotations

Branches:
Dungeon (2/15)

Altars:

Annotations:
D:2 Robin


Innate Abilities, Weirdness & Mutations

You have very sharp teeth.
Your uncanny sense of smell can sniff out nearby items.
Your experience applies equally to all skills.


Message History

The goblin is severely wounded.
The goblin hits you but does no damage. The hobgoblin misses your crimson imp.
The goblin hits you but does no damage.
The goblin barely misses your crimson imp.
Your crimson imp blinks!
The magic dart hits the goblin.
You kill the goblin!
The goblin barely misses you.
Casting: Magic Dart (safe; 6% risk of failure)
Confirm with . or Enter, or press ? or * to list all spells.
You miscast Call Imp.
You are very lightly contaminated with residual magic.
Nothing appears to happen.
The goblin barely misses you. The hobgoblin hits you.
As you read the scroll labelled ZUMNEI HOWUPUN, it crumbles to dust.
The scroll dissolves into smoke.
It was a scroll of fog.
The goblin hits you with a +0 club. The hobgoblin closely misses you.
You barely miss the hobgoblin. The goblin hits you but does no damage.
The hobgoblin hits you.
* * * LOW HITPOINT WARNING * * *
Your crimson imp hits the hobgoblin but does no damage.
You hit the hobgoblin but do no damage. The goblin barely misses you.
The hobgoblin barely misses you.
Your crimson imp closely misses the hobgoblin.
You hit the hobgoblin but do no damage. Your bite misses the hobgoblin.
The goblin hits you with a +0 club.
* * * LOW HITPOINT WARNING * * *
The hobgoblin misses you.
You hit the hobgoblin but do no damage. Your bite misses the hobgoblin.
Your crimson imp hits the hobgoblin but does no damage.
The goblin barely misses you. The hobgoblin misses you.
You barely miss the hobgoblin.
Your crimson imp hits the hobgoblin.
The goblin hits you but does no damage. The hobgoblin misses you.
You hit the hobgoblin.
You kill the hobgoblin!
The goblin barely misses you. The goblin misses your crimson imp.
You swap places.
The goblin barely misses your crimson imp.
The goblin hits you with a +0 club.
You die...

#.#### #..#.#####.##
#.. #....# #..#.#
#...### #.# ####.#
#..#.# #.....# #.# #.#
#....####...#.#####.#
#.#
#.#.......###.......#
#.#
#.#.#####.###.#......
#.# #.#§# #...........†
#.#
#.#§#####.....#.#####
#.#####.§g@5gg..###.#.#
#.......§§#####.# #...#
########### #.###.###
#.....# #######


You could see 2 goblins and a friendly crimson imp (summoned).

Vanquished Creatures
  A dart slug (D:1)
  3 endoplasms
  4 goblins
  2 hobgoblins (D:1)
  A quokka (D:1)
  A bat (D:1)
  A frilled lizard (D:1)
  2 kobolds (D:1)
  A rat (D:1)
16 creatures vanquished.

Vanquished Creatures (collateral kills)
  A giant cockroach (D:1)
  A goblin (D:1)
2 creatures vanquished.

Grand Total: 18 creatures vanquished

Notes
Turn   | Place    | Note
-------+----------+-------------------------------------------
     0 | D:1      | NeededCrab the Gnoll Hedge Wizard began the quest for the
                  | Orb.
     0 | D:1      | Reached XP level 1. HP: 13/13 MP: 8/8
   570 | D:1      | Reached XP level 2. HP: 19/19 MP: 5/10
   573 | D:1      | Learned a level 2 spell: Blink
   597 | D:1      | Learned a level 2 spell: Call Imp
  1127 | D:2      | Noticed Robin
  1327 | D:1      | Slain by a goblin

Illustrated notes

Levels and vault maps discovered:
D:1:      dpeg_arrival_fog, layout_loops_ring
D:2:      layout_rooms, serial_shops, shop, ebering_ecumenical_altar_webs,
          serial_park_tiny_2, grunt_decor_arrowhead, minivault_26,
          minmay_misc_feat_plants, uniq_robin

Skill      XL: |  1 |
---------------+----+-----
Conjurations   | 2 |  2.0
Summonings     | 2 |  2.0
Translocations | 2 |  2.0
Fighting       | |  0.5
Short Blades   | |  0.5
Long Blades    | |  0.5
Axes           | |  0.5
Maces & Flails | |  0.5
Polearms       | |  0.5
Staves         | |  0.5
Slings         | |  0.5
Bows           | |  0.5
Crossbows      | |  0.5
Throwing       | |  0.5
Armour         | |  0.5
Dodging        | |  4.5
Stealth        | |  4.1
Shields        | |  0.5
Unarmed Combat | |  0.5
Spellcasting   | |  7.1
Hexes          | |  0.4
Necromancy     | |  0.4
Transmutations | |  0.4
Fire Magic     | |  0.4
Ice Magic      | |  0.4
Air Magic      | |  0.4
Earth Magic    | |  0.4
Poison Magic   | |  0.4
Invocations    | |  0.7
Evocations     | |  0.5

Action                   || total
-------------------------++-------
Melee: Dagger            ||    30
       Bite              ||     2
 Cast: Magic Dart        ||    29
       Call Imp          ||     7
  Use: Scroll            ||     1
 Stab: Sleeping          ||     2
Armor: Robe              ||    13
Dodge: Dodged            ||    39
